 Dungeon Crawl Stone Soup version 0.30-a0-570-g486de37d69 (webtiles) character file.

Game seed: 12594248548534159453

5262 tilp the Spear-Bearer (level 11, -7/92 HPs)
             Began as a Meteoran Fighter on Dec 29, 2022.
             Mangled by a death yak (20 damage)
             ... on level 8 of the Dungeon.
             The game lasted 00:15:07 (2719 turns).

tilp the Spear-Bearer (Meteoran Fighter)            Turns: 2719, Time: 00:15:07

Health: -7/92      AC: 18    Str: 20    XL:     11   Next: 15%
Magic:  12/12      EV: 13    Int: 14    God:
Gold:   422        SH:  6    Dex: 23    Spells: 10/10 levels left

rFire   . . .      SeeInvis .    a - +11 spear of Qiuhuvo {freeze, rPois Int+5}
rCold   . . .      Faith    .    c - +0 buckler
rNeg    . . .      Spirit   .    x - +0 chain mail
rPois   +          Reflect  .    (no helmet)
rElec   .          Harm     .    u - +1 cloak
rCorr   .          Rampage  .    (no gloves)
Will    +....                    h - +0 pair of boots Stlth
                                 (no amulet)
HPRegen 0.35/turn                k - +4 ring of protection
MPRegen 0.13/turn                L - +6 ring of dexterity

@: mighty, glowing
A: sense surroundings 2, otherworldly, glowing, explore regen
a: no special abilities


You were on level 8 of the Dungeon.
You visited 2 branches of the dungeon, and saw 10 of its levels.

You collected 422 gold pieces.

Inventory:

Hand Weapons
 a - the +11 spear of Qiuhuvo (weapon) {freeze, rPois Int+5}
   (You found it on level 2 of the Dungeon)

   It freezes those it strikes, dealing additional cold damage.
   It can also slow down cold-blooded creatures.
   Int:       It affects your intelligence (+5).
   rPois:     It protects you from poison.
 b - a +0 trident
 C - a +1 halberd of venom
Missiles
 t - 4 atropa-tipped darts
 D - a curare-tipped dart
 J - 2 poisoned darts (quivered)
Armour
 c - a +0 buckler (worn)
 h - a +0 pair of boots (worn)
 i - a +0 scale mail
 u - a +1 cloak (worn)
 x - a +0 chain mail (worn)
 I - a scarf of harm
Jewellery
 e - a +4 ring of protection
 g - a ring of wizardry
 k - a +4 ring of protection (left hand)
 m - a ring of wizardry
 L - a +6 ring of dexterity (right hand)
 N - a +6 ring of dexterity
Wands
 M - a wand of mindburst (7)
Scrolls
 f - a scroll of vulnerability
 r - a scroll of teleportation
 A - 2 scrolls of magic mapping
Potions
 d - 2 potions of might
 j - 2 potions of brilliance
 p - a potion of curing
 q - a potion of ambrosia {unknown}
 w - 4 potions of mutation
 F - a potion of flight {unknown}
 H - 2 potions of magic
Miscellaneous
 K - a phantom mirror


   Skills:
 * Level 7.3 Fighting
 - Level 2.6 Long Blades
 * Level 9.4 Polearms
 + Level 4.9 Throwing
 + Level 6.7 Armour
 + Level 8.5 Dodging
 - Level 4.0 Stealth
 + Level 4.9 Shields
 * Level 4.0 Evocations


You had 10 spell levels left.
You didn't know any spells.
Your spell library was empty.

Dungeon Overview and Level Annotations

Branches:
Dungeon (9/15) Zot: 2758   Temple (1/1) D:7 Zot: 551    Lair (0/5) D:8
    Orc: D:9-12

Altars:
Ashenzari
Elyvilon
Gozag
Hepliaklqana
Kikubaaqudgha
Makhleb
Nemelex Xobeh
Okawaru
Sif Muna
Uskayaw
Xom
Yredelemnul
Zin
The Shining One

Shops:
D:5 :

Annotations:
D:6 3 runed translucent doors, NigelTetley's ghost, novice OpTm


Innate Abilities, Weirdness & Mutations

You passively map the area around you.
You are easily found by Zot.
You glow in the dark.
You regain HP and MP as you explore.


Message History

* * * LOW HITPOINT WARNING * * *
You hit the death yak. You freeze the death yak.
The death yak is almost dead.
The death yak gores you!
* * * LOW HITPOINT WARNING * * *
You puncture the death yak! You freeze the death yak.
The death yak is almost dead.
The death yak misses you.
The yak snorts and paws the ground.
You hit the death yak. You freeze the death yak.
You kill the death yak!
Your Evocations skill increases to level 4!
Unknown command.
Reach: a) +11 spear of Qiuhuvo {freeze, rPois Int+5}
Press: ? - help, Dir - move target, f - death yak
Aim: a death yak (about 13% to evade the +11 spear of Qiuhuvo)
You reach to attack!
You puncture the death yak! You freeze the death yak.
The death yak is lightly wounded.
Unknown command.
You hit the death yak. You freeze the death yak.
The death yak is moderately wounded.
You puncture the death yak! You freeze the death yak.
The death yak is heavily wounded.
You block the death yak's attack.
You puncture the death yak! You freeze the death yak.
The death yak is severely wounded.
The death yak gores you!
* * * LOW HITPOINT WARNING * * *
You hit the death yak but do no damage.
The death yak is severely wounded.
You puncture the death yak! You freeze the death yak.
The death yak is almost dead.
The death yak closely misses you.
You hit the death yak. You freeze the death yak.
The death yak is almost dead.
The death yak gores you but does no damage.
You barely miss the death yak.
The death yak is almost dead.
The death yak gores you!!
You die...

############### #.....).......#
* #.###########@# ,, #....)..#
#Y### , #.#####.# #Y#.## , #.#
#)# #Y...## #####.* #.#
#)#####..Y..####...[.. , #.#
#.).......Y.Y......[#*# ###.##
###.............###....*
#..#.#####.#.##....####........
#.#.......###...#.## #........


You could see a death yak and 2 yaks.

Vanquished Creatures
  A two-headed ogre (D:6)
  2 death yaks (D:8)
  Pikel (D:6)
  Maggie (D:6)
  Eustachio (D:6)
  2 steam dragons (D:7)
  Menkaure (D:6)
  An ice beast (D:7)
  A black bear (D:5)
  2 ogres
  A sky beast (D:7)
  3 centaurs
  A lemure (D:6)
  3 kobold brigands
  A necrophage (D:6)
  3 bullfrogs
  A gnoll sergeant (D:8)
  2 scorpions
  5 wights (D:8)
  4 howler monkeys
  A hound (D:4)
  A gnoll bouda (D:6)
  A jelly (D:5)
  4 orc priests
  2 iguanas
  4 orc wizards
  3 adders
  7 gnolls
  3 shadow imps (D:5)
  2 white imps
  2 ufetubi
  A worm (D:4)
  18 orcs
  3 endoplasms
  2 giant cockroaches
  A goblin (D:4)
  A hobgoblin (D:2)
  3 jackals (D:1)
  3 quokkas
  4 ball pythons
  A frilled lizard (D:1)
  19 kobolds
  4 rats
127 creatures vanquished.

Vanquished Creatures (others)
  3 sky beasts (D:7)
3 creatures vanquished.

Grand Total: 130 creatures vanquished

Notes
Turn   | Place    | Note
-------+----------+-------------------------------------------
     0 | D:1      | tilp the Meteoran Fighter began the quest for the Orb.
     0 | D:1      | Reached XP level 1. HP: 19/19 MP: 2/2
    69 | D:1      | Reached XP level 2. HP: 20/26 MP: 3/3
    77 | D:1      | Reached skill level 1 in Dodging
    90 | D:1      | Found a faded altar of an unknown god.
   163 | D:2      | Identified the +11 spear of Qiuhuvo {freeze, rPois Int+5}
   247 | D:2      | Reached XP level 3. HP: 31/31 MP: 4/4
   360 | D:5      | Entered Level 5 of the Dungeon
   372 | D:4      | Reached skill level 1 in Polearms
   372 | D:4      | Reached XP level 4. HP: 35/38 MP: 5/5
   407 | D:4      | Reached skill level 2 in Polearms
   407 | D:4      | Reached skill level 1 in Stealth
   407 | D:4      | Reached XP level 5. HP: 45/45 MP: 6/6
   520 | D:4      | Reached XP level 6. HP: 50/52 MP: 7/7
   593 | D:5      | Reached skill level 3 in Polearms
   593 | D:5      | Found a white marble altar of Elyvilon.
   593 | D:5      | Found a hazy altar of Hepliaklqana.
   743 | D:4      | Found a glowing silver altar of Zin.
   927 | D:5      | Noticed an ogre
   933 | D:5      | Killed an ogre
   934 | D:5      | Reached skill level 4 in Polearms
   934 | D:5      | Reached XP level 7. HP: 37/59 MP: 8/8
  1025 | D:6      | Found a hide-covered altar of Uskayaw.
  1121 | D:5      | Reached skill level 1 in Throwing
  1123 | D:5      | Reached XP level 8. HP: 61/67 MP: 9/9
  1123 | D:5      | Found Naag's Vocational Training.
  1392 | D:6      | Noticed Eustachio
  1406 | D:6      | Killed Eustachio
  1407 | D:6      | Reached skill level 5 in Polearms
  1407 | D:6      | Reached skill level 5 in Dodging
  1414 | D:6      | Noticed Menkaure
  1419 | D:6      | Killed Menkaure
  1534 | D:6      | Reached skill level 5 in Armour
  1542 | D:6      | Noticed a two-headed ogre
  1550 | D:6      | Gained mutation: You passively map the area around you.
                  | [Meteoran growth]
  1550 | D:6      | Reached XP level 9. HP: 68/73 MP: 10/10
  1556 | D:6      | Killed a two-headed ogre
  1557 | D:6      | Reached skill level 5 in Fighting
  1557 | D:6      | Reached skill level 6 in Polearms
  1595 | D:8      | Reached skill level 7 in Polearms
  1688 | D:8      | Reached XP level 10. HP: 70/82 MP: 11/11
  1754 | D:9      | Noticed a two-headed ogre
  1935 | D:6      | Found a runed translucent gate.
  1935 | D:6      | Found a runed translucent gate.
  1935 | D:6      | Found a runed translucent gate.
  1938 | D:6      | Found an opulent altar of Gozag.
  1938 | D:6      | Noticed a gargoyle
  1940 | D:6      | Noticed NigelTetley's ghost (novice OpTm)
  1992 | D:6      | Noticed Maggie
  2005 | D:6      | Killed Maggie
  2006 | D:6      | Reached skill level 8 in Polearms
  2269 | D:6      | Noticed Pikel
  2281 | D:6      | Killed Pikel
  2282 | D:6      | Reached skill level 1 in Evocations
  2436 | D:7      | Found a staircase to the Ecumenical Temple.
  2459 | Temple   | Entered the Ecumenical Temple
  2635 | D:8      | Reached skill level 9 in Polearms
  2680 | D:8      | Noticed a death yak
  2681 | D:8      | Found a staircase to the Lair.
  2681 | D:8      | Noticed a death yak
  2681 | D:8      | Noticed a death yak
  2703 | D:8      | Killed a death yak
  2704 | D:8      | Reached XP level 11. HP: 39/92 MP: 12/12
  2711 | D:8      | Killed a death yak
  2719 | D:8      | Mangled by a death yak

Illustrated notes

Levels and vault maps discovered:
D:1:      lightli_arrival_lavapool, layout_basic,
          ebering_ecumenical_altar_petrified
D:2:      layout_loops_corners, corexii_corridor_pit, minivault_19
D:3:      minmay_skewed_foursquare, layout_basic,
          mainiacjoe_overflow_six_doors_small, grunt_ministairs_5, uniq_grinder
D:4:      layout_cave_pools, zin_academy
D:5:      layout_gridville, jmf_multi_god_temple, nicolae_shop_vocational
D:6:      layout_loops_corners, mainiacjoe_overflow_chevrons,
          ebering_ghost_gozag, uniq_menkaure, uniq_eustachio, uniq_maggie,
          uniq_pikel
D:7:      layout_rooms, minmay_temple_entry_glass, hangedman_misty_isle
D:8:      layout_loops_ring, mainiacjoe_overflow_surrounded_room,
          dpeg_lair_monsters, gammafunk_ghost_hydra_chop, uniq_joseph
D:9:      layout_cave_pools, lemuel_doored_altar, nicolae_vehumet_radiance,
          erik_orc_3, uniq_grum
Temple:   chequers_temple_sunken

Skill      XL: |  1  2  3  4  5  6  7  8  9 10 11 |
---------------+----------------------------------+-----
Dodging        | 1 2 3 4 5 7 8 |  8.5
Polearms       | 1 2 4 5 7 9 |  9.4
Shields        | 4 |  4.9
Armour         | 4 5 6 |  6.7
Stealth        | 1 2 3 4 |  4.0
Fighting       | 4 5 7 |  7.3
Throwing       | 1 2 4 |  4.9
Evocations     | 3 4 |  4.0
Long Blades    | |  2.6

Action                   |  1- 3 |  4- 6 |  7- 9 | 10-12 || total
-------------------------+-------+-------+-------+-------++-------
Melee: Long sword        |    38 |       |       |       ||    38
       Spear             |    25 |    46 |   131 |   144 ||   346
Throw: Dart              |       |       |     1 |       ||     1
  Use: Scroll            |       |       |       |    14 ||    14
       Potion            |       |       |       |     2 ||     2
Armor: Scale mail        |    28 |    11 |       |       ||    39
       Chain mail        |       |       |    61 |    58 ||   119
Dodge: Dodged            |    18 |    10 |    38 |    46 ||   112
Block: Buckler           |     9 |     4 |    24 |    23 ||    60

Table legend: (Time is in decaauts)
 A = Elapsed time spent in this place.
 B = Non-inter-level travel time spent in this place.
 C = Inter-level travel time spent in this place.
 D = Time resting spent in this place.
 E = Time spent auto-exploring this place.
 F = Levels seen in this place.
 G = Mean time per level.
                   A        B        C        D        E       F      G
               +--------+--------+--------+--------+--------+-----+--------+
         Total |   2689 |   2262 |    427 |      0 |     31 |  10 |  268.9 |
       Dungeon |   2640 |   2225 |    415 |      0 |     31 |   9 |  293.3 |
        Temple |     49 |     38 |     11 |      0 |      0 |   1 |   49.0 |
               +--------+--------+--------+--------+--------+-----+--------+

Top non-repeatable levels by time:
     D:6: 786 daAuts
     D:5: 510 daAuts
     D:4: 354 daAuts
     D:7: 317 daAuts
     D:8: 208 daAuts
     D:2: 193 daAuts
     D:1: 130 daAuts
     D:3: 90 daAuts
     D:9: 51 daAuts
  Temple: 49 daAuts
